 Dungeon Crawl Stone Soup version 0.25.0-3-gd7cc5688da (webtiles) character file.

Game seed: 8104800887586899817

19 Esekla the Grave Robber (level 2, -2/21 HPs)
             Began as a Barachi Necromancer on June 15, 2020.
             Slain by a gnoll
             ... wielding a +0 halberd
              (9 damage)
             ... on level 4 of the Dungeon.
             The game lasted 00:08:03 (940 turns).

Esekla the Grave Robber (Barachi Necromancer)        Turns: 940, Time: 00:08:03

Health: -2/21      AC:  3    Str:  9    XL:     2   Next: 75%
Magic:  5/5        EV: 13    Int: 15    God:
Gold:   40         SH:  0    Dex: 18    Spells: 5/6 levels left

rFire    . . .     SeeInvis .   b - -2 spear (curse)
rCold    . . .     Gourm    .   (no shield)
rNeg     . . .     Faith    .   a - +0 robe
rPois    .         Spirit   .   (no helmet)
rElec    .         Reflect  .   (no cloak)
rCorr    .         Harm     .   h - +0 pair of gloves (curse)
MR       .....                  (no boots)
Stlth    ++........             (no amulet)
HPRegen  0.07/turn              d - +6 ring of dexterity
MPRegen  0.09/turn              (no ring)

@: slow
A: +LOS, swims, slowness 1, strong legs 1
a: Hop


You were on level 4 of the Dungeon.
You were not hungry.

You visited 1 branch of the dungeon, and saw 4 of its levels.

You collected 40 gold pieces.

Inventory:

Hand Weapons
 b - a cursed -2 spear (weapon)
 f - a +0 dagger
 n - a +1 spear
Missiles
 i - 6 poisoned darts (quivered)
Armour
 a - a +0 robe (worn)
 h - a cursed +0 pair of gloves (worn)
 k - a +0 cloak
Jewellery
 d - a +6 ring of dexterity (left hand)
Scrolls
 e - 3 scrolls of fog
Potions
 j - 3 potions of flight {unknown}
 l - a potion of resistance {unknown}
 m - a potion of haste {unknown}
Comestibles
 c - 7 rations
 g - a chunk of flesh


   Skills:
 * Level 1.0 Fighting
 + Level 0.2 Polearms
 * Level 2.2 Dodging
 - Level 1.7 Stealth
 * Level 2.6 Spellcasting
 + Level 3.9 Necromancy


You had 5 spell levels left.
You knew the following spells:

 Your Spells              Type           Power        Failure   Level  Hunger
a - Pain                  Necr           ##..         4%          1    #......

Your spell library contained the following spells:

 Spells                   Type           Power        Failure   Level  Hunger
 Animate Skeleton         Necr           N/A          4%          1    #......
 Vampiric Draining        Necr           ##........   13%         3    ###....
 Animate Dead             Necr           N/A          38%         4    #####..
 Agony                    Necr           ##......     75%         5    ######.


Dungeon Overview and Level Annotations

Branches:
Dungeon (4/15)
 Temple: D:4-7

Altars:
Hepliaklqana
Kikubaaqudgha
Nemelex Xobeh
Wu Jian
Zin


Innate Abilities, Weirdness & Mutations

You can be seen from farther away. (+LOS)
You can swim through water.
You cover ground slowly.
You can hop short distances.


Message History

As you read the scroll labeled BOANLEIRIFUN, it crumbles to dust.
You feel aware of your surroundings.
It was a scroll of magic mapping.
Found a spear.
A hound and a gnoll come into view.
Found an escape hatch in the floor.
A gnoll comes into view. It is wielding a +0 halberd.
The gnoll shouts!
You hear a shout!
The hound barks!
The gnoll throws a throwing net.
The throwing net hits you.
You become entangled in the net!
A gnoll comes into view. It is wielding a +0 club.
Found a whip.
You see here a throwing net.
You struggle against the net.
You tear a large gash into the net.
The gnoll hits you from afar with a +0 halberd!
You struggle against the net.
You shred the net and break free! The hound bites you.
The gnoll barely misses you. The hound bites you.
The gnoll hits you from afar with a +0 halberd!
You die...

,,,* ##..# ,,** #...#
,,** ##...# ,,,*
##...## *,,** ##...##
****** **,,** #...##
**,,,,** **,,**
##..## *,,,,,,,
**,,** #..##
**,,,,*** **,,***
#@.# **,,,*** *,,,,*
#h.#* **,,,** **,,,**
##gg#***,,,** *
**,,,** #.g..,,<,**
*** **,,,**
#.....,,** ,,**
**,,,** ##.....#*
,,,**
**,,,*****....##*****
*,,,*
**,,,,,,,....>,,,,,*
**,,**
**,,,,,,.)....,,,,*


You could see a hound and 3 gnolls.

Vanquished Creatures
  2 dart slugs
  2 giant cockroaches
  A goblin (D:2)
  2 hobgoblins
  2 jackals (D:3)
  2 kobolds
  3 frilled lizards
14 creatures vanquished.

Notes
Turn   | Place    | Note
-------+----------+-------------------------------------------
     0 | D:1      | Esekla the Barachi Necromancer began the quest for the Orb.
     0 | D:1      | Reached XP level 1. HP: 13/13 MP: 3/3
   386 | D:2      | Reached XP level 2. HP: 17/20 MP: 0/5
   586 | D:3      | Found a glowing silver altar of Zin.
   586 | D:3      | Found a hazy altar of Hepliaklqana.
   587 | D:3      | Found an ornate altar of the Wu Jian Council.
   596 | D:3      | Found a sparkling altar of Nemelex Xobeh.
   618 | D:3      | Reached skill level 1 in Fighting
   856 | D:4      | Found an ancient bone altar of Kikubaaqudgha.
   940 | D:4      | Slain by a gnoll

Illustrated notes

Levels and vault maps discovered:
D:1:      elethiomel_arrival_maze, layout_basic, corexii_corridor_pit,
          chequers_decorated_corner
D:2:      layout_basic
D:3:      layout_loops_cross, nicolae_overflow_quartered_altars, first_ration,
          guppyfry_early_orc_mine
D:4:      layout_layer_cave, lemuel_coloured_pillars_altar

Skill      XL: |  1  2 |
---------------+-------+-----
Fighting       | 1 |  1.0
Polearms       | |  0.2
Dodging        | |  2.2
Stealth        | |  1.7
Spellcasting   | |  2.6
Necromancy     | |  3.9

Action                   || total
-------------------------++-------
Melee: Spear             ||    16
 Cast: Pain              ||    23
  Use: Scroll            ||     4
 Stab: Sleeping          ||     6
  Eat: Chunk             ||     1
Armor: Robe              ||     4
Dodge: Dodged            ||    22
